Map: Tropical Sacrifice

Players

Exterminator

  • Race: Terran Terran
  • League: Silver
  • Spawn Location: 7:00

Vainvain - Winner!

  • Race: Zerg Zerg
  • League: Silver
  • Spawn Location: 1:00

VOD

Have the link to the VOD?

Description

Time

  • Played on: Oct. 27, 2022, 1:51 a.m.
  • Length: 11:33
Show
View Real Time Build Order
Export as new Build Order

Exterminator Terran 

Build Orders:  

Get SALT Encoding   

  12  0:00  SCV  
  13  0:13  SCV  
  14  0:19  Supply Depot  
  14  0:25  SCV  
  15  0:31  Refinery  
  15  0:41  SCV  
  16  0:47  Barracks  
  16  0:53  SCV  
  17  1:00  Refinery  
  17  1:05  SCV  
  18  1:17  SCV  
  19  1:30  Barracks  
  19  1:35  Supply Depot  
  19  1:53  Ghost Academy  
  19  1:57  SCV  
  20  2:11  Barracks Tech Lab  
  20  2:17  SCV  
  21  2:24  Barracks Tech Lab  
  21  2:30  SCV  
  21  2:36  Ghost  
  24  2:43  Ghost  
  26  2:53  Personal Cloaking  
  26  3:04  Orbital Command  
  26  3:14  Ghost  
  28  3:29  Ghost  
  30  3:35  Supply Depot  
  30  3:38  SCV  
  31  3:47  Factory  
  31  4:00  Marine x2  
  33  4:26  SCV  
  33  4:30  Nuke  
  34  4:35  Starport  
  34  4:39  SCV  
  33  5:16  Ghost  
  33  5:17  Ghost  
  37  5:49  Ghost  
  33  5:52  SCV  
  33  5:54  Ghost  
  36  6:03  Command Center  
  36  6:20  Ghost  
  38  6:38  Barracks  
  38  6:39  Barracks  
  38  6:50  Supply Depot  
  38  6:51  Supply Depot  
  38  7:03  SCV  
  39  7:11  Supply Depot, Ghost x2  
  39  7:12  Supply Depot  
  43  7:23  Refinery  
  43  7:24  Refinery  
  38  8:01  Supply Depot  
  38  8:06  Ghost x2  
  38  8:07  Supply Depot  
  42  8:19  Barracks Tech Lab  
  42  8:20  Barracks Tech Lab  
  42  8:24  Supply Depot  
  42  8:30  Orbital Command  
  42  8:33  SCV  
  35  8:55  Supply Depot  
  30  9:13  Ghost x3  
  30  9:14  Ghost  
  38  9:20  SCV x2  
  40  9:39  SCV x2  
  42  9:46  Factory Tech Lab  
  42  9:50  Medivac  
  44  10:01  SCV x2  
  46  10:35  Supply Depot  
  46  10:39  Supply Depot, Ghost  
  46  10:40  Ghost x2  
  52  10:50  SCV  
  52  10:51  SCV  
Show
View Real Time Build Order
Export as new Build Order

Vainvain Zerg - Winner!

Build Orders: Hatch First 

Get SALT Encoding   

  12  0:01  Drone  
  13  0:08  Drone  
  14  0:18  Overlord  
  14  0:36  Drone  
  15  0:48  Hatchery  
  14  0:50  Drone  
  14  0:53  Drone  
  16  0:57  Drone  
  16  1:01  Drone  
  18  1:17  Spawning Pool  
  17  1:22  Drone  
  17  1:23  Drone  
  19  1:35  Overlord  
  19  1:42  Extractor  
  19  1:44  Drone  
  19  1:55  Drone  
  19  2:01  Drone  
  21  2:03  Queen  
  21  2:08  Queen  
  23  2:10  Drone  
  26  2:20  Drone  
  27  2:23  Zergling x4  
  27  2:29  Drone  
  30  2:32  Drone  
  31  2:38  Drone  
  32  2:45  Drone  
  32  2:48  Queen  
  32  2:49  Drone  
  36  2:57  Overlord  
  36  3:16  Pneumatized Carapace  
  36  3:17  Hatchery  
  34  3:38  Extractor  
  34  3:39  Spore Crawler  
  32  3:45  Drone x8  
  32  3:47  Extractor  
  39  3:50  Spore Crawler  
  38  3:56  Queen  
  38  4:02  Lair  
  40  4:09  Baneling Nest  
  39  4:25  Evolution Chamber  
  39  4:29  Evolution Chamber  
  37  4:33  Drone x10  
  37  4:34  Drone x2  
  49  4:44  Overlord x2  
  49  4:53  Queen  
  49  4:59  Spore Crawler  
  48  5:04  Overseer  
  38  5:16  Zergling x18  
  38  5:17  Zergling x8  
  50  5:22  Zergling x2  
  50  5:27  Zerg Melee Weapons Level 1  
  50  5:29  Zergling x2  
  50  5:30  Zergling x2  
  47  5:45  Queen  
  48  5:52  Metabolic Boost  
  48  6:00  Spire  
  48  6:01  Extractor  
  46  6:04  Extractor, Zergling x2  
  46  6:05  Zergling x6  
  49  6:19  Zerg Ground Armor Level 1  
  49  6:28  Overlord  
  49  6:53  Queen  
  50  6:58  Baneling x11  
  50  6:59  Baneling x4  
  50  7:06  Overlord x2  
  50  7:19  Overlord x4  
  50  7:24  Queen, Zergling x2  
  50  7:25  Zergling x4  
  50  7:26  Zergling x2  
  50  7:29  Queen  
  51  7:43  Zergling x2  
  48  7:50  Zergling x14  
  48  7:51  Zergling x4  
  53  8:15  Baneling x3  
  53  8:23  Zerg Ground Armor Level 2  
  53  8:25  Zerg Melee Weapons Level 2  
  53  8:28  Drone x6  
  53  8:29  Drone  
  50  8:53  Drone  
  50  8:54  Drone x9  
  57  9:08  Overseer x2  
  56  9:19  Zergling x2  
  56  9:20  Zergling x10  
  62  9:26  Extractor, Hatchery  
  60  9:37  Centrifugal Hooks  
  60  9:39  Zergling x2  
  60  9:40  Zergling x18  
  70  9:48  Drone x3  
  73  10:01  Baneling x7  
  73  10:02  Baneling x3  
  73  10:04  Zergling x14  
  73  10:05  Zergling x2  
  78  10:25  Zergling x2  
  66  10:31  Zergling x2  
  66  10:32  Zergling x20  
  77  10:36  Zergling x4  
  79  10:44  Baneling  
  79  10:46  Zergling x8  
  79  10:47  Zergling x8  
  79  10:48  Baneling x8  
  79  10:49  Zergling x2  
  88  10:55  Drone x3  
Tags
 
Add a new tag
Caveats
  • Supply blocks, unpowered buildings, or Contaminate may cause inaccurate times.
  • Supply counts are checked every 10 seconds.